 Dungeon Crawl Stone Soup version 0.29-a0-857-g9b1aa3ac5b (webtiles) character file.

Game seed: 9793897757111208364

410 xian the Magician (level 6, 0/43 HPs)
             Began as a Demonspawn Hedge Wizard on July 17, 2022.
             Succumbed to a water moccasin's poison
             ... on level 4 of the Dungeon.
             The game lasted 00:14:40 (5532 turns).

xian the Magician (Demonspawn Hedge Wizard)         Turns: 5532, Time: 00:14:40

Health: 0/43       AC:  8    Str: 12 (13) XL:     6   Next: 58%
Magic:  9/12       EV: 11    Int: 15      God:
Gold:   238        SH:  3    Dex: 11 (12) Spells: 8/14 levels left

rFire   . . .      SeeInvis .   q - +0 short sword
rCold   + . .      Faith    +   n - +0 buckler
rNeg    . . .      Spirit   .   p - +1 leather armour {rC+}
rPois   .          Reflect  .   c - +1 hat
rElec   .          Harm     .   (no cloak)
rCorr   .          Rampage  .   b - +0 pair of gloves
Will    .....                   (no boots)
Stlth   ++........              k - amulet of faith
HPRegen 0.14/turn               (no ring)
MPRegen 0.13/turn               (no ring)

@: lethally poisoned (0 -> -3), very slightly contaminated
A: thin metallic scales 1, ignite blood 1, spiny 1
a: no special abilities


You were on level 4 of the Dungeon.
You visited 1 branch of the dungeon, and saw 5 of its levels.

You collected 238 gold pieces.

Inventory:

Hand Weapons
 q - a +0 short sword (weapon)
Missiles
 w - 2 curare-tipped darts
Armour
 b - a +0 pair of gloves (worn)
 c - a +1 hat (worn)
 m - a +0 plate armour
 n - a +0 buckler (worn)
 p - a +1 leather armour of cold resistance (worn)
Jewellery
 k - an amulet of faith (around neck)
Wands
 j - a wand of mindburst (1)
Scrolls
 a - a scroll of fear
 e - a scroll of immolation
 f - a scroll of magic mapping {unknown}
 g - a scroll of teleportation {unknown}
 h - a scroll of poison {unknown}
 i - 2 scrolls of silence
 u - a scroll of identify
Potions
 d - a potion of magic


   Skills:
 + Level 1.4 Fighting
 + Level 1.7 Short Blades
 + Level 2.4 Armour
 + Level 2.5 Dodging
 + Level 2.2 Stealth
 + Level 0.2 Shields
 + Level 4.5 Spellcasting
 + Level 2.8 Conjurations
 + Level 1.0 Summonings
 + Level 0.8 Translocations


You had 8 spell levels left.
You knew the following spells:

 Your Spells              Type           Power      Damage    Failure   Level
a - Magic Dart            Conj           44%        1d5       10%         1
b - Slow                  Hex            12%        N/A       30%         1
c - Blink                 Tloc           10%        N/A       32%         2
d - Call Imp              Summ           6%         N/A       30%         2

Your spell library contained the following spells:

 Spells                   Type           Power      Damage    Failure   Level
 Conjure Flame            Conj/Fire      7%         6-21      45%         3
 Mephitic Cloud           Conj/Pois/Air  6%         N/A       52%         3
 Ignite Poison            Fire/Tmut/Pois 3%         N/A       65%         3
 Sticky Flame             Conj/Fire      7%         2d3       86%         4
 Summon Ice Beast         Ice/Summ       4%         N/A       94%         4
 Summon Mana Viper        Hex/Summ       4%         N/A       100%        5
 Monstrous Menagerie      Summ           3%         N/A       100%        7


Dungeon Overview and Level Annotations

Branches:
Dungeon (5/15)
 Temple: D:4-7

Altars:

Shops:
D:4 =

Annotations:
D:4 rings and things
D:5 Pikel; xian's ghost, amateur SpHu


Innate Abilities, Weirdness & Mutations

You are partially covered in thin metallic scales. (AC +2)
Your demonic aura sometimes causes spilled blood to erupt in flames.
You are partially covered in sharp spines.


Message History

The water moccasin easily resists.
The water moccasin is struck by your spines.
The water moccasin barely misses you.
Unknown command.
The water moccasin attacks as you move away!
The water moccasin closely misses you.
The water moccasin attacks as you move away!
The water moccasin is struck by your spines.
The water moccasin bites you.
You are poisoned.
The water moccasin poisons you!
You feel very sick.
The water moccasin is struck by your spines.
The water moccasin bites you.
You are lethally poisoned!
The water moccasin poisons you!
You feel very sick.
There is a stone staircase leading up here.
* * * LOW HITPOINT WARNING * * *
You feel very sick. The water moccasin closely misses you.
The water moccasin bites you.
* * * LOW HITPOINT WARNING * * *
You climb upwards.
Level annotation: rings and things
* * * LOW HITPOINT WARNING * * *
You feel very sick.
There is a stone staircase leading down here.
Okay, then.
Blink to where?
Press: ? - help, Dir - move target
As you read the scroll of blinking, it crumbles to dust.
* * * LOW HITPOINT WARNING * * *
You feel sick.
* * * LOW HITPOINT WARNING * * *
You feel sick.
* * * LOW HITPOINT WARNING * * *
You feel sick.
* * * LOW HITPOINT WARNING * * *
You feel sick.
You die...

.'.(.#.......#.......#
.#...#.......#.......#
.#...#.......#.......#
.#...'.......#.......#
.#...#......>#...##..#
'##########.###).##..#
.##..##..##'###..##..#
.....#...#.....).....#
.....#...'......@....#
###########.###..##..#
##...##########..##..#
.................##..#
.........).......#####
###..######^###..##..#
###########.###..##..#
.#...............##..#
.#...............##..#


There were no monsters in sight!

Vanquished Creatures
  An ogre (D:2)
  A necrophage (D:4)
  2 hounds
  An orc priest (D:4)
  An iguana (D:4)
  An orc wizard (D:4)
  3 gnolls (D:2)
  An adder (D:2)
  4 dart slugs
  10 orcs
  5 ball pythons
  2 endoplasms
  2 giant cockroaches (D:2)
  6 goblins
  3 hobgoblins
  5 jackals
  5 kobolds
  4 bats
  6 frilled lizards
  7 rats
70 creatures vanquished.

Notes
Turn   | Place    | Note
-------+----------+-------------------------------------------
     0 | D:1      | xian the Demonspawn Hedge Wizard began the quest for the
                  | Orb.
     0 | D:1      | Reached XP level 1. HP: 13/13 MP: 4/4
   158 | D:1      | Found a faded altar of an unknown god.
   439 | D:1      | Gained mutation: Your demonic aura sometimes causes spilled
                  | blood to erupt in flames. [demonic ancestry]
   439 | D:1      | Reached XP level 2. HP: 6/19 MP: 6/6
  1973 | D:2      | Gained mutation: You are partially covered in sharp spines.
                  | [demonic ancestry]
  1973 | D:2      | Reached XP level 3. HP: 24/25 MP: 5/8
  2068 | D:2      | Noticed an ogre
  2084 | D:2      | Killed an ogre
  2085 | D:2      | Reached skill level 1 in Armour
  2085 | D:2      | Reached skill level 4 in Spellcasting
  2085 | D:2      | Reached XP level 4. HP: 26/31 MP: 3/10
  2085 | D:2      | Gained mutation: You are partially covered in thin metallic
                  | scales. (AC +2) [demonic ancestry]
  2085 | D:2      | Reached XP level 5. HP: 31/36 MP: 3/11
  2112 | D:2      | HP: 1/36 [gnoll/+0 halberd (10)]
  2467 | D:3      | Reached skill level 1 in Fighting
  2467 | D:3      | Reached skill level 1 in Short Blades
  3526 | D:4      | Reached XP level 6. HP: 33/43 MP: 8/12
  3618 | D:4      | Found Luipes's Jewellery Emporium.
  4827 | D:4      | HP: 1/43 [orc priest/+0 hand axe (3)]
  4846 | D:4      | HP: 1/64 [orc priest/divine providence (9)]
  4862 | D:4      | HP: 2/64 [orc priest/+0 hand axe (6)]
  5251 | D:4      | Learned a level 1 spell: Slow
  5254 | D:4      | Learned a level 2 spell: Blink
  5257 | D:4      | Learned a level 2 spell: Call Imp
  5457 | D:5      | Entered Level 5 of the Dungeon
  5457 | D:5      | Noticed Pikel
  5515 | D:5      | Noticed a water moccasin
  5517 | D:5      | Noticed xian's ghost (amateur SpHu)
  5530 | D:4      | HP: 2/43 [poisoned by a water moccasin]
  5532 | D:4      | Succumbed to a water moccasin's poison

Illustrated notes

Levels and vault maps discovered:
D:1:      shiori_arrival_maze, layout_basic,
          shapermc_ecumenical_altar_totnotflames
D:2:      layout_basic
D:3:      layout_rooms
D:4:      layout_gridville, serial_shops, nicolae_lakefront_shop
D:5:      due_chaos_kobolds, layout_loops_ring, hellmonk_ghost_happy_afterlife,
          uniq_sigmund, uniq_pikel, uniq_eustachio

Skill      XL: |  1  2  3  4  5 |
---------------+----------------+-----
Stealth        | 2 |  2.2
Armour         | 1 2 |  2.4
Dodging        | 2 |  2.5
Spellcasting   | 4 |  4.5
Conjurations   | 2 |  2.8
Fighting       | 1 |  1.4
Short Blades   | 1 |  1.7
Shields        | |  0.2
Summonings     | |  1.0
Translocations | |  0.8

Action                   |  1- 3 |  4- 6 || total
-------------------------+-------+-------++-------
Melee: Dagger            |    16 |       ||    16
       Short sword       |    25 |   109 ||   134
 Cast: Magic Dart        |    48 |    92 ||   140
       Slow              |       |     2 ||     2
  Use: Scroll            |     4 |     4 ||     8
       Potion            |       |     6 ||     6
 Stab: Sleeping          |       |     1 ||     1
Armor: Robe              |     7 |       ||     7
       Leather armour    |    12 |    24 ||    36
       Plate armour      |       |     5 ||     5
       Skin              |       |    34 ||    34
Dodge: Dodged            |    32 |    50 ||    82
Block: Buckler           |       |    16 ||    16

Table legend: (Time is in decaauts)
 A = Elapsed time spent in this place.
 B = Non-inter-level travel time spent in this place.
 C = Inter-level travel time spent in this place.
 D = Time resting spent in this place.
 E = Time spent auto-exploring this place.
 F = Levels seen in this place.
 G = Mean time per level.
                   A        B        C        D        E       F      G
               +--------+--------+--------+--------+--------+-----+--------+
         Total |   5528 |   5269 |    259 |    967 |   3297 |   5 | 1105.6 |
       Dungeon |   5528 |   5269 |    259 |    967 |   3297 |   5 | 1105.6 |
               +--------+--------+--------+--------+--------+-----+--------+

Top non-repeatable levels by time:
     D:4: 1656 daAuts
     D:1: 1363 daAuts
     D:2: 1299 daAuts
     D:3: 1189 daAuts
     D:5: 19 daAuts
